 Dungeon Crawl Stone Soup version 0.32-a0-960-g3814254bd7 (webtiles) character file.

Game seed: 12434998601927350665

938 ezpacito the Trooper (level 8, -5/67 HPs)
             Began as a Coglin Chaos Knight on Apr 17, 2024.
             Was a Plaything of Xom.
             Slain by a lemure (8 damage)
             ... led by Pikel
             ... on level 5 of the Dungeon.
             The game lasted 00:06:01 (3591 turns).

ezpacito the Trooper (Coglin Chaos Knight)          Turns: 3591, Time: 00:06:02

Health: -5/67      AC:  8    Str: 15    XL:     8   Next: 12%
Magic:  10/10      EV: 11    Int: 12    God:    Xom [..*...]
Gold:   301        SH:  0    Dex: 13    Spells: 10/10 levels left

rFire   . . .        a - +0 hand axe (chaos) {Cedro}
rCold   . . .        p - +2 flail (drain) {Qiang}
rNeg    . . .        b - +2 leather armour
rPois   .            o - +0 helmet
rElec   .            k - +1 cloak
rCorr   .            (no gloves)
SInv    .            (no boots)
Will    +....        (amulet unavailable)
Stlth   ++           (ring unavailable)
HPRegen 0.31/turn    (ring unavailable)
MPRegen 0.12/turn    (no gizmo)

%: no passive effects
@: revved
A: off-hand wielding, slow wielding, warmup strikes, no jewellery, fangs 1,
strong-willed 1, robust 1, MP-powered wands
a: Invent Gizmo, Renounce Religion


You were on level 5 of the Dungeon.
You worshipped Xom.
You were a toy of Xom.
You visited 2 branches of the dungeon, and saw 6 of its levels.

You collected 301 gold pieces.

Inventory:

Hand Weapons
 a - a +0 hand axe of chaos (weapon) {Cedro}
 p - a +2 flail of draining (offhand) {Qiang}
 r - a +0 spear {Luis}
Missiles
 f - 17 poisoned darts (quivered)
 u - 4 boomerangs
 w - a javelin
Armour
 b - a +2 leather armour (worn)
 k - a +1 cloak (worn)
 o - a +0 helmet (worn)
Talismans
 g - a flux talisman
Wands
 i - a wand of paralysis (7)
Scrolls
 d - 2 scrolls of teleportation {unknown}
 h - 3 scrolls of identify {unknown}
 n - 2 scrolls of poison
 q - a scroll of noise {unknown}
 s - a scroll of immolation {unknown}
 t - 2 scrolls of brand weapon {unknown}
Potions
 e - a potion of berserk rage {unknown}
 j - a potion of curing {unknown}
 l - a potion of heal wounds
 m - 2 potions of lignification {unknown}
 v - a potion of brilliance {unknown}


   Skills:
 * Level 4.5 Fighting
 * Level 4.4(4.9) Axes
 * Level 2.8(3.8) Polearms
 * Level 3.4 Armour
 * Level 3.0 Dodging
 + Level 1.7 Stealth
 + Level 2.1 Unarmed Combat
 + Level 1.5 Spellcasting
 + Level 1.3 Evocations
 + Level 1.5 Shapeshifting


You had 10 spell levels left.
You didn't know any spells.
Your spell library contained the following spells:

 Spells                   Type           Power      Damage    Failure   Level
 Ensorcelled Hibernation  Hex/Ice        0%         N/A       47%         2
 Lesser Beckoning         Tloc           0%         N/A       47%         2
 Maxwell's Portable Pile  Tloc           0%         2d(5-13)  71%         3
 Passwall                 Erth           0%         N/A       71%         3
 Sigil of Binding         Hex            0%         N/A       71%         3
 Swiftness                Air            0%         N/A       71%         3
 Teleport Other           Tloc           0%         N/A       71%         3
 Anguish                  Hex/Necr       0%         N/A       98%         4
 Brom's Barrelling Bould  Conj/Erth      0%         2d3       98%         4
 Cause Fear               Hex            0%         N/A       98%         4
 Petrify                  Alch/Erth      0%         N/A       98%         4
 Fireball                 Conj/Fire      0%         3d3       100%        5
 Irradiate                Conj/Alch      0%         3d11      100%        5
 Iskenderun's Battlesphe  Conj           0%         2d6       100%        5
 Conjure Ball Lightning   Conj/Air       0%         3x3d6     100%        6
 Enfeeble                 Hex            0%         N/A       100%        7
 Orb of Destruction       Conj           0%         9d5       100%        7
 Fulsome Fusillade        Conj/Alch      0%         (3-5)d4   100%        8


Dungeon Overview and Level Annotations

Branches:
Dungeon (5/15)             Temple (1/1) D:4

Altars:
Ashenzari
Cheibriados
Dithmenos
Elyvilon
Fedhas
Gozag
Hepliaklqana
Kikubaaqudgha
Makhleb
Okawaru
Qazlal
Ru
Sif Muna
Trog
Uskayaw
Vehumet
Wu Jian
Xom
Yredelemnul
Zin
The Shining One


Innate Abilities, Weirdness & Mutations

You can wield a second weapon in your off-hand.
It takes a long time for you to wield or remove held weapons.
Your first few attacks do less damage.
You cannot equip rings or amulets.
You have very sharp teeth.
You are strong-willed. (Will+)
You are robust. (+10% HP)
You expend magic power (3 MP) to strengthen your wands.


Message History

The lemure closely misses you. The lemure hits you but does no damage.
You thump the lemure with your +2 flail of draining!
The lemure is almost dead.
You closely miss the lemure with your +0 hand axe of chaos.
You hit the lemure but do no damage. x2; The lemure hits you.
The lemure hits you! x2
You take 17 damage, and have 26/67 hp.
MASSIVE DAMAGE!!
You closely miss the lemure with your +0 hand axe of chaos.
Your bite misses the lemure.
The lemure is lightly wounded.
You closely miss the lemure with your +0 hand axe of chaos.
You barely miss the lemure with your +0 hand axe of chaos.
You closely miss the lemure with your +2 flail of draining.
The lemure hits you.
* * * LOW HITPOINT WARNING * * *
The lemure barely misses you. The lemure hits you.
* * * LOW HITPOINT WARNING * * *
You take 8 damage, and have 18/67 hp.
You sock the lemure with your +2 flail of draining!
The lemure is heavily wounded.
You hit the lemure with your +0 hand axe of chaos.
The lemure falls asleep!
You hit the lemure but do no damage.
You barely miss the lemure with your +0 hand axe of chaos.
The lemure hits you.
* * * LOW HITPOINT WARNING * * *
The lemure hits you.
* * * LOW HITPOINT WARNING * * *
The lemure hits you.
* * * LOW HITPOINT WARNING * * *
The lemure hits you.
* * * LOW HITPOINT WARNING * * *
You take 15 damage, and have 3/67 hp.
MASSIVE DAMAGE!!
You completely miss the lemure with your +0 hand axe of chaos.
The lemure is heavily wounded.
You completely miss the lemure with your +0 hand axe of chaos.
You closely miss the lemure with your +0 hand axe of chaos.
You hit the lemure with your +2 flail of draining.
The lemure barely misses you. The lemure hits you!
You die...
Xom roars with laughter!

#######........#.
#................
#######.........†..# #
..............†.# .
................##########
...(....5.................
..............#.####..#...
........55#####.# ##.....
........5@# #.# ##....
.........)# #.# ####...#
..........# #.# #......#
..........# #.# #.####..
........... .. .. ###
............ ..# #
#######...... . # #..... #
#


You could see 4 lemures.

Vanquished Creatures
  A human (shapeshifter) (D:5)
  A water moccasin (D:3)
  An ice beast (D:5)
  A black bear (D:5)
  A scorpion (D:5)
  2 hounds
  An orc priest (D:4)
  Crazy Yiuf (D:3)
  An iguana (D:4)
  Ijyb (D:3)
  Terence (D:3)
  An orc wizard (D:3)
  3 gnolls (D:3)
  5 adders
  A shadow imp (D:3)
  A ribbon worm (D:3)
  15 orcs
  6 bats
  2 endoplasms (D:2)
  6 goblins
  10 hobgoblins
  2 jackals (D:5)
  A quokka (D:1)
  7 ball pythons
  4 kobolds (D:1)
  10 rats
86 creatures vanquished.

Vanquished Creatures (collateral kills)
  An ogre (D:5)
1 creature vanquished.

Grand Total: 87 creatures vanquished

Notes
Turn   | Place    | Note
-------+----------+-------------------------------------------
     0 | D:1      | ezpacito the Coglin Chaos Knight began the quest for the
                  | Orb.
     0 | D:1      | Reached XP level 1. HP: 18/18 MP: 1/1
    32 | D:1      | Reached skill level 1 in Dodging
    34 | D:1      | XOM: silly message
    57 | D:1      | Found a faded altar of an unknown god.
    65 | D:1      | Reached XP level 2. HP: 20/24 MP: 2/2
   123 | D:1      | XOM: silly message
   596 | D:2      | Reached XP level 3. HP: 28/29 MP: 3/3
   613 | D:2      | Reached skill level 1 in Polearms
   810 | D:2      | Reached XP level 4. HP: 35/35 MP: 4/4
   836 | D:2      | XOM: silly message
  1115 | D:3      | XOM: divination: magic mapping
  1150 | D:3      | Found a runed translucent door.
  1151 | D:3      | Noticed Crazy Yiuf
  1274 | D:3      | Reached skill level 1 in Unarmed Combat
  1319 | D:3      | XOM: 4-stop teleportation journey
  1343 | D:3      | Noticed an ogre
  1349 | D:3      | an ogre changed into a water moccasin
  1349 | D:3      | Noticed a water moccasin
  1356 | D:3      | Killed a water moccasin
  1357 | D:3      | Reached XP level 5. HP: 37/41 MP: 4/6
  1542 | D:3      | XOM: potion effect (haste)
  1557 | D:3      | Reached skill level 1 in Stealth
  1560 | D:3      | XOM: potion effect (haste)
  1564 | D:3      | Reached skill level 1 in Spellcasting
  1564 | D:3      | Reached XP level 6. HP: 27/48 MP: 7/7
  1645 | D:3      | XOM: 6-stop teleportation journey
  1693 | D:3      | Noticed Terence
  1703 | D:3      | Killed Terence
  2130 | D:3      | XOM: divination: detect items
  2164 | D:3      | Noticed Ijyb
  2169 | D:3      | Paralysed by Ijyb for 5 turns
  2178 | D:3      | Paralysed by Ijyb for 5 turns
  2183 | D:3      | Killed Ijyb
  2346 | D:3      | XOM: cast spell 'Chain of Chaos'
  2350 | D:3      | Killed Crazy Yiuf
  2465 | D:3      | XOM: cloud trail
  2668 | D:4      | Reached skill level 1 in Shapeshifting
  2771 | D:4      | Found a staircase to the Ecumenical Temple.
  2797 | Temple   | Entered the Ecumenical Temple
  2939 | D:4      | Reached XP level 7. HP: 50/52 MP: 8/8
  3049 | D:4      | XOM: give mutations
  3049 | D:4      | Gained mutation: You are robust. (+10% HP) [Xom's grace]
  3049 | D:4      | Gained mutation: You have very sharp teeth. [Xom's grace]
  3049 | D:4      | Gained mutation: You expend magic power (3 MP) to
                  | strengthen your wands. [Xom's grace]
  3049 | D:4      | Gained mutation: You are strong-willed. (Will+) [Xom's
                  | grace]
  3166 | D:4      | XOM: scenery: summon butterflies
  3310 | D:5      | Entered Level 5 of the Dungeon
  3422 | D:5      | XOM: summons friendly iron imp
  3513 | D:5      | XOM: snakes to sticks
  3521 | D:5      | Reached skill level 1 in Evocations
  3521 | D:5      | XOM: god gift: sedimented golden potion {god gift}
  3555 | D:5      | Noticed Pikel
  3560 | D:5      | XOM: confuse monster(s)
  3561 | D:5      | Pikel changed into Pikel the shapeshifter
  3561 | D:5      | Noticed Pikel (shapeshifter)
  3561 | D:5      | XOM: polymorph Pikel -> Pikel the shapeshifter
  3561 | D:5      | Pikel the shapeshifter changed into Pikel the orc
  3562 | D:5      | Pikel the orc changed into Pikel the harpy
  3562 | D:5      | Noticed Pikel (shapeshifter)
  3568 | D:5      | Pikel the harpy changed into Pikel the cyclops
  3568 | D:5      | Noticed Pikel (shapeshifter)
  3572 | D:5      | Pikel the cyclops changed into Pikel the shapeshifter
  3572 | D:5      | Noticed Pikel (shapeshifter)
  3572 | D:5      | XOM: polymorph Pikel the cyclops -> Pikel the shapeshifter
  3572 | D:5      | Pikel the shapeshifter changed into Pikel the human
  3572 | D:5      | Noticed Pikel (shapeshifter)
  3579 | D:5      | Killed Pikel the human
  3580 | D:5      | Reached XP level 8. HP: 41/67 MP: 10/10
  3580 | D:5      | XOM: potion effect (curing)
  3581 | D:5      | XOM: potion effect (curing)
  3590 | D:5      | HP: 3/67 [lemure[Pikel] (3)]
  3591 | D:5      | Slain by a lemure

Illustrated notes

Levels and vault maps discovered:
D:1:      reono_arrival_mine, layout_rooms, shapermc_ecumenical_altar_pompeii,
          minmay_tromino_mix6
D:2:      layout_rooms
D:3:      layout_basic, minmay_diced_spiral, uniq_crazy_yiuf_cottage, uniq_ijyb,
          uniq_terence
D:4:      layout_basic, minmay_temple_entry_arrows
D:5:      layout_basic, uniq_pikel
Temple:   nicolae_temple_the_god_donut

Skill      XL: |  1  2  3  4  5  6  7 |
---------------+----------------------+-----
Dodging        | 1 2 3 |  3.0
Armour         | 2 3 |  3.4
Polearms       | 1 2 |  2.8
Unarmed Combat | 1 2 |  2.1
Stealth        | 1 |  1.7
Spellcasting   | 1 |  1.5
Shapeshifting  | 1 |  1.5
Fighting       | 4 |  4.5
Axes           | 4 |  4.4
Evocations     | 1 |  1.3

Action                     |  1- 3 |  4- 6 |  7- 9 || total
---------------------------+-------+-------+-------++-------
  Melee: Hand axe          |    64 |   101 |    45 ||   210
         Dagger            |    60 |    59 |       ||   119
         Spear             |       |    30 |       ||    30
         Flail             |       |    22 |    41 ||    63
         Bite              |       |       |     6 ||     6
    Use: Potion            |       |     4 |       ||     4
         Scroll            |       |       |     2 ||     2
   Stab: Invisible         |       |     6 |       ||     6
         Paralysed         |       |     1 |       ||     1
         Sleeping          |       |     1 |       ||     1
 Armour: Leather armour    |    51 |    61 |    62 ||   174
  Dodge: Dodged            |    44 |    58 |    45 ||   147

Table legend: (Time is in decaauts)
 A = Elapsed time spent in this place.
 B = Non-inter-level travel time spent in this place.
 C = Inter-level travel time spent in this place.
 D = Time resting spent in this place.
 E = Time spent auto-exploring this place.
 F = Levels seen in this place.
 G = Mean time per level.
                   A        B        C        D        E       F      G
               +--------+--------+--------+--------+--------+-----+--------+
         Total |   3588 |   3263 |    325 |      0 |   2685 |   6 |  598.0 |
       Dungeon |   3586 |   3261 |    325 |      0 |   2685 |   5 |  717.2 |
        Temple |      1 |      1 |      0 |      0 |      0 |   1 |    1.0 |
               +--------+--------+--------+--------+--------+-----+--------+

Top non-repeatable levels by time:
     D:3: 1492 daAuts
     D:4: 757 daAuts
     D:1: 576 daAuts
     D:2: 470 daAuts
     D:5: 289 daAuts
  Temple: 1 daAuts
